 Dungeon Crawl Stone Soup version 0.22.1-1-ga44c0e5 (webtiles) character file.

53 Fang the Skirmisher (level 3, 0/36 HPs)
             Began as a Gargoyle Berserker on Sept 20, 2018.
             Was a Believer of Trog.
             Slain by a gnoll
             ... wielding a cursed -2 halberd
              (3 damage)
             ... on level 4 of the Dungeon.
             The game lasted 00:01:09 (1249 turns).

Fang the Skirmisher (Gargoyle Berserker)            Turns: 1249, Time: 00:01:10

Health: 0/36       AC:  5    Str: 26    XL:     3   Next: 87%
Magic:  3/3        EV: 12    Int:  7    God:    Trog [**....]
Gold:   101        SH:  0    Dex:  9    Spells: 2/2 levels left

rFire    . . .     SeeInvis .   a - +0 hand axe
rCold    . . .     Gourm    .   (no shield)
rNeg     + . .     Faith    .   b - +0 animal skin
rPois    ∞         Spirit   .   (no helmet)
rElec    +         Reflect  .   (no cloak)
rCorr    .         Harm     .   (no gloves)
MR       .....     Rnd*Tele +   (no boots)
Stlth    ..........             (no amulet)
HPRegen  0.12/turn              f - ring of teleportation (curse)
MPRegen  0.08/turn              (no ring)

@: berserking, very quick
A: negative energy resistance 1, electricity resistance, unbreathing,
petrification resistance, rot immunity, AC +3
a: Berserk, Trog's Hand, Renounce Religion


You were on level 4 of the Dungeon.
You worshipped Trog.
Trog was pleased with you.
You were hungry.

You visited 1 branch of the dungeon, and saw 3 of its levels.

You collected 101 gold pieces.

Inventory:

Hand Weapons
 a - a +0 hand axe (weapon)
Armour
 b - a +0 animal skin (worn)
Jewellery
 f - a cursed ring of teleportation (left hand)
 k - an uncursed ring of poison resistance {unknown}
Scrolls
 d - a scroll of enchant armour {unknown}
 g - a scroll of teleportation {unknown}
 h - a scroll of magic mapping {unknown}
 i - 2 scrolls of identify {unknown}
Potions
 e - 2 potions of brilliance {unknown}
Comestibles
 c - 3 rations
 j - a chunk of flesh


   Skills:
 + Level 4.1 Fighting
 + Level 3.5 Axes
 + Level 2.2 Armour
 + Level 1.7 Dodging


You had 2 spell levels left.
You didn't know any spells.
Your spell library was empty.

Dungeon Overview and Level Annotations

Branches:
Dungeon (2/15)

Altars:


Innate Abilities, Weirdness & Mutations

You are resistant to torment.
Your stone body is resilient. (AC +3)
You are immune to poison.
You resist negative energy. (rN+)
You are resistant to electric shocks. (rElec)
You can survive without breathing.
You are immune to petrification.
You are immune to rotting.


Message History

The gnoll is moderately wounded.
You slash the gnoll shaman! You barely miss the gnoll.
The gnoll barely misses you.
The gnoll shaman calls upon its god to heal the gnoll.
The gnoll's wounds heal themselves!
The gnoll hits you with a whip.
The gnoll hits you from afar with a halberd!
The gnoll closely misses you.
A red film seems to cover your vision as you go berserk!
You feel yourself moving faster!
You feel mighty!
You are feeling hungry.
The gnoll hits you with a whip.
* * * LOW HITPOINT WARNING * * *
The gnoll shaman hits you with a whip.
* * * LOW HITPOINT WARNING * * *
The gnoll closely misses you. The gnoll hits you with a whip.
* * * LOW HITPOINT WARNING * * *
You barely miss the gnoll. You hit the gnoll.
You closely miss the gnoll shaman.
The gnoll hits you from afar with a halberd.
You die...

##.##.#.##.##.#.##.#
##...#....#.##.#.##.#
#.#......#.#..##.#.##.#
..............##......#
#.###.##.###.###.#.####
#.###...###(...# #.#
######.....## ##'##
#.......# ##...##
##..@..## ##.....##
##ggg## ##.......##
#.g## #.........# ...#
'.........+ .....
#.........# #....#
##.......## #.#..#
##.....## #.##.#
####...##


You could see a gnoll shaman and 3 gnolls.

Vanquished Creatures
  A hound (D:4)
  An adder (D:4)
  A dart slug (D:1)
  A leopard gecko (D:1)
  An orc (D:4)
  A bat (D:2)
  2 giant cockroaches (D:2)
  2 goblins (D:2)
  4 hobgoblins (D:1)
  2 jackals (D:1)
  2 frilled lizards (D:1)
  8 kobolds (D:1)
  4 rats (D:1)
30 creatures vanquished.

Notes
Turn   | Place    | Note
-------+----------+-------------------------------------------
     0 | D:1      | Fang the Gargoyle Berserker began the quest for the Orb.
     0 | D:1      | Reached XP level 1. HP: 14/14 MP: 1/1
   263 | D:1      | Reached XP level 2. HP: 17/19 MP: 2/2
   719 | D:1      | Reached XP level 3. HP: 23/24 MP: 3/3
   999 | D:2      | You fall through a shaft for 2 floors!
  1018 | D:4      | Reached skill level 4 in Fighting
  1032 | D:4      | Reached ** piety under Trog
  1249 | D:4      | Slain by a gnoll

Skill      XL: |  1  2  3 |
---------------+----------+-----
Axes           | 3 |  3.5
Fighting       | 4 |  4.1
Armour         | |  2.2
Dodging        | |  1.7

Action                   || total
-------------------------++-------
Melee: Hand axe          ||    98
Invok: Berserk           ||     1
  Eat: Chunk             ||     1
Armor: Animal skin       ||    32
Dodge: Dodged            ||    73
